 Dungeon Sprint DCSS version 0.21-a0-49-g7bf2ba4 (webtiles) character file.

9150 Kidiri the Grappler (level 11, -11/123 HPs)
             Began as a Troll Monk on June 10, 2017.
             Was a High Priest of Wu Jian.
             Mangled by Rupert
             ... wielding a +2 great mace of crushing
              (22 damage)
             ... in the Dungeon (Sprint III: "The Ten Rune Challenge").
             The game lasted 00:16:39 (2585 turns).

Kidiri the Grappler (Troll Monk)                    Turns: 2585, Time: 00:16:39

Health: -11/123    AC:  6    Str: 25    XL:     11   Next: 19%
Magic:  12/12      EV: 17    Int:  6    God:    Wu Jian [*****.]
Gold:   34         SH:  0    Dex: 15    Spells: 10/10 levels left

rFire    . . .     SeeInvis .     - Unarmed
rCold    . . .     Gourm    +   (no shield)
rNeg     . . .     Faith    .   a - +0 robe
rPois    .         Spirit   .   (helmet restricted)
rElec    .         Reflect  .   (no cloak)
rCorr    .         Harm     .   (gloves unavailable)
MR       .....     NoTele   +   (boots unavailable)
Stlth    ++++......             (no amulet)
Regen    0.7/turn               (no ring)
MPRegen  0.2/turn               (no ring)

@: hasted, very quick
A: unfitting armour, claws 3, rugged brown scales 1, fast metabolism 3,
gourmand, low mp 1, sense surroundings 1, regeneration 1, shaggy fur 1, strong
2, tough skin 2, sturdy frame 1
a: Serpent's Lash, Heavenly Storm, Renounce Religion


You were in the Dungeon.
You worshipped Wu Jian.
Wu Jian was extremely pleased with you.
You were very full.

You visited 1 branch You collected 34 gold pieces.

Inventory:

Missiles
 i - 8 throwing nets (quivered)
 j - 4 javelins
Armour
 a - a +0 robe (worn)
Wands
 d - a wand of polymorph (14/24)
Scrolls
 k - 2 scrolls of immolation {unknown}
 l - 3 scrolls of identify
 m - 2 scrolls of remove curse
 o - a scroll of enchant weapon {unknown}
Potions
 e - 2 potions of haste
 f - 2 potions of magic
 n - 3 potions of flight
Books
 h - a book of Minor Magic

   Spells                             Type                      Level
   a - Magic Dart                     Conjuration                  1
   b - Blink                          Translocation                2
   c - Call Imp                       Summoning                    2
   d - Slow                           Hexes                        2
   e - Conjure Flame                  Conjuration/Fire             3
   f - Mephitic Cloud                 Conjuration/Poison/Air       3
Comestibles
 b - 3 bread rations
 c - 7 chunks of flesh
 g - 30 royal jellies
 p - 4 fruits


   Skills:
 * Level 11.1 Fighting
 + Level 1.5 Throwing
 + Level 7.7 Armour
 * Level 11.0 Dodging
 * Level 8.3 Stealth
 * Level 12.7 Unarmed Combat
 + Level 5.3 Evocations


You had 10 spell levels left.
You didn't know any spells.

Dungeon Overview and Level Annotations

Branches:
Dungeon (1/1)

Altars:
Cheibriados
Dithmenos
Elyvilon
Fedhas
Gozag
Hepliaklqana
Kikubaaqudgha
Makhleb
Nemelex Xobeh
Okawaru
Qazlal
Ru
Sif Muna
Trog
Uskayaw
Vehumet
Wu Jian
Xom
Yredelemnul
Zin
The Shining One
Beogh
Jiyva
Lugonu

Annotations:
D exclusion: 4 doors, Rupert


Innate Abilities, Weirdness & Mutations

You are too large for most types of armour.
You have claws for hands.
Your metabolism is lightning-fast.
You like to eat raw meat.
Your natural rate of healing is unusually fast.
You are covered in fur. (AC +1)
You have very tough skin. (AC +2)
You are partially covered in rugged brown scales. (AC +1, +3% HP)
Your magical capacity is low. (-10% MP)
You passively map a small area around you.
Your muscles are very strong. (Str +4)
Your movements are slightly less encumbered by armour. (ER -2)


Message History

Rupert misses you.
You attack Rupert from above.
You scratch Rupert.
Rupert is lightly wounded.
Rupert hits you with a great mace of crushing!!!
Unknown command.
Rupert hits you with a great mace of crushing!!
You repeatedly attack Rupert from above.
You mangle Rupert!!
Rupert is lightly wounded.
You mangle Rupert!!
Rupert is moderately wounded.
Rupert misses you.
Rupert hits you with a great mace of crushing!!!
* * * LOW HITPOINT WARNING * * *
x2 Unknown command.
Okay, then.
You feel yourself speed up. Rupert misses you.
You open the door.
Rupert hits you with a great mace of crushing!!
You die...

[#..≈≈≈≈.♣♣..'.⌠%......)#
'#..≈≈≈≈≈≈♣♣.#...######'#
)#.≈≈≈≈≈≈....#.⌠.#__#...#+#######
.#.≈≈≈≈≈.....#...#__#...#....#.#.
.#.≈≈≈.......#+###__#...##.#..#.#
##...........#.):#__#...'##.#%#.#
)............#___#__+...#...#..#.
▓▓▓▓▓▓▓▓▓▓▓▓▓▓▓▓▓▓▓▓▓▓▓▓▓▓▓▓▓▓▓▓▓
+≈≈≈≈§§≈≈≈♣♣...@@♣♣♣♣≈≈§........≈
#≈≈§§§≈≈≈≈♣♣.≈≈≈≈'♣♣'♣§§≈≈≈≈≈≈≈≈≈
#≈≈≈§§§§≈≈≈'.....#.≈♣♣♣♣♣♣♣♣♣♣♣♣♣
#≈≈≈§.≈§≈≈♣♣♣♣♣♣♣#..♣♣
#≈≈.≈≈≈§≈≈♣ ###+♣♣♣♣♣ * **
####'###### ♣♣♣♣.##..##
.......@....** ♣...##.##.# ≈
############ ♣♣.##.##.##+ ≈ *
♣..#.##...# ,


You could see Rupert (berserk).

Vanquished Creatures
  Erolcha (D)
  Urug (D)
  A lindwurm (D)
  A deep elf mage (D)
  2 spiny frogs (D)
  A rime drake (D)
  A komodo dragon (D)
  3 wandering mushrooms (D)
  A queen bee (D)
  2 tyrant leeches (D)
  5 blink frogs (D)
  A shadow (D)
  5 redbacks (D)
  A spatial vortex (D)
  A swamp drake (D)
  A necrophage (D)
  5 two-headed ogres (D)
  A water elemental (D)
  32 killer bees (D)
  A jelly (D)
  A wizard (D)
  Jessica (D)
  A necromancer (D)
  3 humans (D)
  A kobold demonologist (D)
  A wolf (D)
  An ooze (D)
  2 rats (D)
78 creatures vanquished.

Vanquished Creatures (others)
  2 draconian scorchers (D)
  6 hellions (D)
  3 yaktaurs (D)
  4 plants (D)
15 creatures vanquished.

Grand Total: 93 creatures vanquished

Notes
Turn   | Place    | Note
-------+----------+-------------------------------------------
     0 | D        | Kidiri the Troll Monk began the quest for the Orb.
     0 | D        | Reached XP level 1. HP: 22/22 MP: 0/0
    14 | D        | Noticed Jessica
    16 | D        | Killed Jessica
    16 | D        | Reached skill level 1 in Armour
    16 | D        | Reached skill level 4 in Unarmed Combat
    16 | D        | Reached XP level 2. HP: 27/31 MP: 1/1
    16 | D        | Reached XP level 3. HP: 32/37 MP: 2/2
    78 | D        | Killed a hellion
    90 | D        | Killed a hellion
    92 | D        | Killed a hellion
   101 | D        | Gained mutation: You passively map a small area around you. [potion of mutation]
   101 | D        | Gained mutation: Your movements are slightly less encumbered by armour. (ER -2) [potion of mutation]
   101 | D        | Gained mutation: You have supernaturally acute eyesight. (SInv) [potion of mutation]
   102 | D        | Lost mutation: You have supernaturally acute eyesight. (SInv) [potion of mutation]
   102 | D        | Gained mutation: Your magical capacity is low. (-10% MP) [potion of mutation]
   102 | D        | Gained mutation: Your muscles are strong. (Str +2) [potion of mutation]
   102 | D        | Gained mutation: You are partially covered in rugged brown scales. (AC +1, +3% HP) [potion of mutation]
   102 | D        | Gained mutation: Your muscles are very strong. (Str +4) [potion of mutation]
   106 | D        | Killed a hellion
   144 | D        | Killed a hellion
   166 | D        | Noticed a water elemental
   172 | D        | Killed a yaktaur
   173 | D        | Killed a water elemental
   173 | D        | Reached skill level 5 in Unarmed Combat
   173 | D        | Reached XP level 4. HP: 50/50 MP: 2/2
   175 | D        | Killed a yaktaur
   211 | D        | Killed a white draconian scorcher
   214 | D        | Killed a white draconian scorcher
   217 | D        | Killed a hellion
   287 | D        | Found an ornate altar of the Wu Jian Council.
   287 | D        | Found a roughly hewn altar of Beogh.
   287 | D        | Found an iron altar of Okawaru.
   287 | D        | Found a bloodstained altar of Trog.
   287 | D        | Found a hide-covered altar of Uskayaw.
   287 | D        | Noticed a human
   288 | D        | Noticed a human
   290 | D        | Became a worshipper of the Wu Jian Council
   290 | D        | Reached * piety under Wu Jian
   290 | D        | Reached ** piety under Wu Jian
   316 | D        | Killed a human
   316 | D        | Reached skill level 5 in Fighting
   316 | D        | Reached skill level 5 in Dodging
   316 | D        | Reached skill level 6 in Unarmed Combat
   316 | D        | Reached XP level 5. HP: 32/58 MP: 3/3
   327 | D        | Killed a human
   327 | D        | Reached skill level 7 in Unarmed Combat
   327 | D        | Reached XP level 6. HP: 43/69 MP: 4/4
   399 | D        | Found a glowing silver altar of Zin.
   400 | D        | Found a glowing golden altar of the Shining One.
   400 | D        | Found a white marble altar of Elyvilon.
   400 | D        | Noticed a deep elf mage
   406 | D        | Noticed a tarantella
   406 | D        | Noticed a jumping spider
   408 | D        | Killed a deep elf mage
   408 | D        | Reached skill level 5 in Stealth
   408 | D        | Reached skill level 8 in Unarmed Combat
   408 | D        | Reached XP level 7. HP: 51/80 MP: 5/5
   459 | D        | Found a radiant altar of Vehumet.
   460 | D        | Found a deep blue altar of Sif Muna.
   460 | D        | Found an ancient bone altar of Kikubaaqudgha.
   465 | D        | Reached *** piety under Wu Jian
   491 | D        | Found a basalt altar of Yredelemnul.
   491 | D        | Found a shadowy altar of Dithmenos.
   491 | D        | Found a sacrificial altar of Ru.
   531 | D        | Noticed a shadow
   536 | D        | Killed a shadow
   536 | D        | Reached skill level 9 in Unarmed Combat
   536 | D        | Reached XP level 8. HP: 85/89 MP: 6/6
   538 | D        | Reached **** piety under Wu Jian
   545 | D        | Found a blossoming altar of Fedhas.
   545 | D        | Found a stormy altar of Qazlal.
   545 | D        | Found a snail-covered altar of Cheibriados.
   545 | D        | Found a burning altar of Makhleb.
   545 | D        | Found a shimmering altar of Xom.
   546 | D        | Found a hazy altar of Hepliaklqana.
   546 | D        | Found an opulent altar of Gozag.
   546 | D        | Found a sparkling altar of Nemelex Xobeh.
   546 | D        | Found a corrupted altar of Lugonu.
   546 | D        | Found a viscous altar of Jiyva.
   555 | D        | Reached skill level 5 in Armour
   555 | D        | Reached skill level 1 in Evocations
   731 | D        | Noticed a two-headed ogre
   735 | D        | Killed a two-headed ogre
   735 | D        | Reached ***** piety under Wu Jian
   742 | D        | Noticed a two-headed ogre
   742 | D        | Noticed Erolcha
   750 | D        | Killed Erolcha
   750 | D        | Reached skill level 10 in Unarmed Combat
   750 | D        | Reached XP level 9. HP: 77/99 MP: 7/8
   761 | D        | Killed a two-headed ogre
   967 | D        | Noticed a wandering mushroom
   971 | D        | Noticed a wandering mushroom
   973 | D        | Killed a wandering mushroom
   973 | D        | Noticed a wandering mushroom
  1134 | D        | Reached skill level 11 in Unarmed Combat
  1334 | D        | Reached XP level 10. HP: 103/110 MP: 10/10
  1541 | D        | Reached skill level 10 in Fighting
  1585 | D        | Reached ****** piety under Wu Jian
  1585 | D        | Reached skill level 10 in Dodging
  1687 | D        | Noticed a spiny frog
  1687 | D        | Noticed a spiny frog
  1692 | D        | Killed a spiny frog
  1698 | D        | Killed a spiny frog
  1919 | D        | Reached skill level 12 in Unarmed Combat
  2036 | D        | Noticed a lindwurm
  2054 | D        | Killed a lindwurm
  2320 | D        | Noticed Urug
  2324 | D        | Killed Urug
  2324 | D        | Reached skill level 5 in Evocations
  2324 | D        | Reached XP level 11. HP: 122/122 MP: 12/12
  2432 | D        | Reached skill level 1 in Throwing
  2563 | D        | Noticed Rupert
  2585 | D        | Mangled by Rupert

Vault maps used:
D:        dungeon_sprint_mu

Skill      XL: |  1  2  3  4  5  6  7  8  9 10 11 |
---------------+----------------------------------+-----
Fighting       | 3 4 5 6 7 8 9 10 11 | 11.1
Armour         | 1 2 3 4 5 6 7 |  7.7
Dodging        | 3 4 5 6 7 8 9 10 11 | 11.0
Unarmed Combat | 4 5 6 7 8 9 10 11 12 | 12.7
Stealth        | 2 3 4 5 6 7 8 |  8.3
Evocations     | 2 3 5 |  5.3
Throwing       | 1 |  1.5

Action                   |  1- 3 |  4- 6 |  7- 9 | 10-12 || total
-------------------------+-------+-------+-------+-------++-------
Melee: Unarmed           |    31 |    23 |    96 |   145 ||   295
       Punch             |       |       |     4 |     8 ||    12
Throw: Throwing net      |       |       |       |     1 ||     1
Invok: Heavenly Storm    |       |       |     2 |     4 ||     6
       Serpent's Lash    |       |       |     3 |     3 ||     6
  Use: Potion            |     3 |     1 |     2 |     2 ||     8
       Scroll            |       |     1 |       |       ||     1
 Stab: Sleeping          |       |     1 |     3 |     4 ||     8
       Held in net/web   |       |       |       |     1 ||     1
  Eat: Chunk             |     2 |     1 |    10 |    16 ||    29
Armor: Robe              |     5 |     5 |    11 |    17 ||    38
Dodge: Dodged            |    19 |     8 |    61 |    95 ||   183
